AoeStats
← tony le gros rou

Arena

507547347Analyzed
4v4 RM · 13d ago on Sep 18, 2026· 44m 42s· 8 players
Game mode
Random Map
Map size
Large (8 player)
Population
200
Speed
Normal
Resources
Standard
Victory
Conquest
Starting age
Dark Age
Ending age
Imperial Age
RankedLock teamsTeams togetherTeam positionsShared explorationLock speedFull tech treeHidden civsTurbo modeCheats
Victory
Defeat
🇩🇪 Teutons · Germany
1707
+8
🇩🇪 Teutons · Germany
1701
+8
🇩🇪 Lithuanians · Germany
1469
+16
🇩🇪 Burgundians · Germany
1409
+18
🇫🇷 Britons · France
1558
-15
🇫🇷 Cumans · France
1489
-12
🇩🇪 Gurjaras · Germany
1477
-12
🇫🇷 Malians · France
1450
-11
Ned Stark's Bastard
10:08 Feudal Age
11:16 Double-Bit Axe
14:54 Castle Age
13:00 Double-Bit Axe
21:48 Gold Mining
22:16 Bow Saw
25:47 Wheelbarrow
24:58 Loom
24:59 Town Watch
25:37 Horse Collar
26:48 Heavy Plow
27:10 Hand Cart
31:09 Imperial Age
28:52 Bloodlines
29:24 Husbandry
29:32 Scale Barding Armor
29:37 Forging
31:10 Stone Mining
31:14 Cavalier
33:01 Chain Barding Armor
33:17 Iron Casting
34:33 Stone Shaft Mining
34:32 Crop Rotation
35:04 Two-Man Saw
35:36 Paladin
36:54 Plate Barding Armor
37:30 Conscription
Scol1ng
6:21 Loom
9:00 Feudal Age
11:06 Fletching
17:13 Double-Bit Axe
18:05 Horse Collar
22:16 Castle Age
21:31 Stone Mining
22:55 Bodkin Arrow
23:11 Bow Saw
23:45 Town Watch
24:45 Guard Tower
28:31 Wheelbarrow
28:07 Heavy Plow
28:56 Wheelbarrow
30:58 Fortified Wall
32:28 Scale Mail Armor
32:38 Forging
33:17 Hand Cart
32:32 Pikeman
33:13 Squires
33:00 Arson
33:44 Chain Mail Armor
38:25 Imperial Age
38:55 Masonry
38:30 Halberdier
39:42 Plate Mail Armor
39:47 Iron Casting
40:15 Chemistry
39:59 Conscription
42:39 Crop Rotation
43:10 Two-Man Saw
43:12 Siege Engineers
44:47 Blast Furnace
44:12 Elite Teutonic Knight
45:27 Hoardings
45:22 Padded Archer Armor
105er.DarkSheep
5:40 Double-Bit Axe
6:53 Loom
9:35 Feudal Age
10:33 Bow Saw
10:57 Horse Collar
11:52 Town Watch
12:55 Heavy Plow
14:32 Fletching
15:27 Stone Mining
25:08 Wheelbarrow
28:12 Castle Age
27:08 Hand Cart
30:33 Two-Man Saw
30:04 Crop Rotation
30:54 Stone Mining
30:55 Gold Mining
32:31 Stone Shaft Mining
34:52 Gold Shaft Mining
40:59 Imperial Age
39:15 Scale Mail Armor
39:26 Forging
39:43 Squires
40:34 Burgundian Vineyards
40:12 Pikeman
42:34 Halberdier
44:27 Chain Mail Armor
44:47 Iron Casting
44:37 Conscription
45:36 Hoardings
Scol1ng
11:19 Feudal Age
15:27 Castle Age
13:18 Double-Bit Axe
14:27 Horse Collar
16:38 Bow Saw
16:37 Gold Mining
17:29 Loom
21:36 Wheelbarrow
24:14 Town Watch
25:01 Devotion
25:35 Stone Mining
32:03 Imperial Age
30:33 Ironclad
30:28 Scale Barding Armor
30:43 Bloodlines
32:08 Capped Ram
33:09 Chain Barding Armor
32:14 Cavalier
32:44 Pikeman
33:24 Squires
34:39 Plate Barding Armor
35:11 Forging
37:33 Iron Casting
37:56 Halberdier
38:49 Fortified Wall
38:49 Masonry
39:28 Siege Engineers
40:24 Chemistry
39:51 Conscription
40:21 Hand Cart
40:08 Heavy Plow
41:19 Crenellations
41:04 Fletching
42:09 Bodkin Arrow
42:36 Ballistics
43:23 Town Patrol
43:12 Paladin
43:17 Onager
46:15 Blast Furnace
45:20 Padded Archer Armor
46:21 Blast Furnace
Tonymontana
10:41 Feudal Age
10:35 Loom
12:34 Fletching
22:02 Double-Bit Axe
22:00 Horse Collar
25:37 Stone Mining
28:52 Castle Age
27:43 Gold Mining
30:12 Bow Saw
30:04 Heavy Plow
30:42 Wheelbarrow
31:08 Scale Mail Armor
31:19 Forging
31:55 Gold Shaft Mining
33:12 Stone Shaft Mining
34:24 Chain Mail Armor
35:33 Iron Casting
37:38 Bodkin Arrow
39:10 Padded Archer Armor
38:43 Crossbowman
39:28 Thumb Ring
44:01 Imperial Age
43:44 Thumb Ring
tony le gros rou
8:24 Feudal Age
11:25 Double-Bit Axe
11:25 Horse Collar
20:44 Castle Age
19:49 Scale Barding Armor
19:55 Forging
20:28 Bloodlines
20:41 Gold Mining
22:58 Capped Ram
31:16 Imperial Age
29:44 Chain Barding Armor
30:51 Wheelbarrow
31:51 Masonry
33:03 Chemistry
31:45 Cavalier
33:02 Plate Barding Armor
33:22 Iron Casting
33:40 Paladin
36:43 Conscription
40:53 Light Cavalry
42:24 Hussar
ccereal
5:17 Loom
7:41 Feudal Age
12:09 Fletching
15:24 Padded Archer Armor
24:07 Castle Age
22:24 Double-Bit Axe
22:37 Horse Collar
23:05 Gold Mining
25:06 Wheelbarrow
24:24 Crossbowman
25:29 Bodkin Arrow
26:37 Leather Archer Armor
26:52 Ballistics
29:59 Bow Saw
30:01 Town Watch
38:38 Imperial Age
36:44 Fortified Wall
36:45 Masonry
40:28 Bracer
43:23 Arbalester
p0n0n0
9:15 Feudal Age
9:18 Loom
13:31 Castle Age
12:14 Double-Bit Axe
21:42 Horse Collar
22:13 Bow Saw
26:30 Redemption
30:34 Heavy Plow
30:28 Gold Mining
32:48 Wheelbarrow
34:25 Hand Cart
37:20 Imperial Age
35:18 Scale Barding Armor
36:40 Gold Shaft Mining
37:04 Chain Barding Armor
36:55 Forging
37:09 Kshatriyas
37:36 Bloodlines
37:26 Husbandry
38:53 Plate Barding Armor
37:46 Heavy Camel Rider
39:41 Iron Casting
41:27 Frontier Guards
41:28 Conscription
42:59 Fletching
Connection lost

Rejoining the realm…

Still unreachable

The connection could not be restored.

Session expired

The server has moved on; the page needs a fresh start.